 Dungeon Crawl Stone Soup version 0.30-a0-965-g42e074c17a (webtiles) character file.

Game seed: 291408774401272560

174 porpoise the Vexing (level 5, -1/35 HPs)
             Began as a Demonspawn Enchanter on Mar 31, 2023.
             Slain by Duvessa
             ... wielding a +0 short sword
              (10 damage)
             ... on level 4 of the Dungeon.
             The game lasted 00:12:28 (2414 turns).

porpoise the Vexing (Demonspawn Enchanter)          Turns: 2414, Time: 00:12:28

Health: -1/35      AC:  4    Str:  9    XL:     5   Next: 28%
Magic:  18/18      EV: 17    Int: 18    God:
Gold:   251        SH:  0    Dex: 13    Spells: 4/9 levels left

rFire   . . .      SeeInvis .    a - +4 dagger
rCold   . . .      Faith    .    (no shield)
rNeg    . . .      Spirit   .    k - +0 robe
rPois   .          Reflect  .    (no helmet)
rElec   .          Rampage  .    (no cloak)
rCorr   .                        (no gloves)
Will    .....                    (no boots)
Stlth   ++                       q - amulet of magic regeneration
HPRegen 0.25/turn                n - ring of magical power
MPRegen 0.56/turn                u - +5 ring of evasion

@: invisible
A: icy blue scales 1, demonic guardian 1, demonic magic 1
a: no special abilities


You were on level 4 of the Dungeon.
You visited 1 branch of the dungeon, and saw 4 of its levels.

You collected 251 gold pieces.

Inventory:

Hand Weapons
 a - a +4 dagger (weapon)
 b - a +0 sling
 s - a +0 rapier
Missiles
 o - 4 boomerangs
Armour
 k - a +0 robe (worn)
 t - a +1 leather armour of poison resistance
Jewellery
 n - a ring of magical power (left hand)
 q - an amulet of magic regeneration (around neck)
 u - a +5 ring of evasion (right hand)
Scrolls
 g - a scroll of blinking
 h - 4 scrolls of teleportation
 l - a scroll of fog
 r - a scroll of amnesia {unknown}
 y - a scroll of enchant armour {unknown}
Potions
 c - a potion of invisibility
 d - 2 potions of berserk rage
 e - a potion of degeneration {unknown}
 f - 4 potions of curing {unknown}
 i - a potion of heal wounds {unknown}
 j - a potion of ambrosia {unknown}
 m - 2 potions of brilliance
 p - a potion of resistance {unknown}
 v - a potion of magic {unknown}
 w - a potion of flight {unknown}
 x - a potion of might {unknown}
 z - a potion of haste {unknown}


   Skills:
 - Level 1.3 Short Blades
 - Level 1.7 Dodging
 + Level 3.3 Stealth
 + Level 2.9 Spellcasting
 * Level 4.2 Hexes
 * Level 1.9 Ice Magic


You had 4 spell levels left.
You knew the following spells:

 Your Spells              Type           Power      Damage    Failure   Level
a - Confusing Touch       Hex            18%        N/A       9%          3
e - Ensorcelled Hibernat  Hex/Ice        26%        N/A       7%          2

Your spell library contained the following spells:

 Spells                   Type           Power      Damage    Failure   Level
 Slow                     Hex            72%        N/A       2%          1
 Freeze                   Ice            36%        1d5       8%          1
 Tukima's Dance           Hex            18%        N/A       9%          3
 Dazzling Flash           Conj/Hex       20%        N/A       21%         3
 Frozen Ramparts          Ice            18%        1d3       22%         3
 Blink                    Tloc           4%         N/A       26%         2
 Lesser Beckoning         Tloc           4%         N/A       26%         2
 Momentum Strike          Conj/Tloc      4%         3d8       26%         2
 Hailstorm                Conj/Ice       6%         3d4       32%         3
 Ignite Poison            Fire/Tmut/Pois 2%         N/A       45%         3
 Kindle Blastsparks       Fire/Tloc/Air  4%         2d10      45%         3
 Vampiric Draining        Necr           2%         2d6       45%         3
 Freezing Cloud           Conj/Ice/Air   2%         6-21      98%         5


Dungeon Overview and Level Annotations

Branches:
Dungeon (4/15)             Temple (0/1) D:4

Altars:
Kikubaaqudgha
Qazlal
Uskayaw
Wu Jian
Yredelemnul

Shops:
D:4 =

Annotations:
D:4 Duvessa


Innate Abilities, Weirdness & Mutations

You are partially covered in icy blue scales. (AC +2)
A weak demonic guardian rushes to your aid.
Spells you cast may paralyse adjacent enemies.


Message History

Your ufetubus barely misses the adder.
Your ufetubus completely misses the adder.
Dowan says, "Stay away from my face!"
Dowan points at Duvessa and mumbles some strange words.
You struggle to resist.
You hit Dowan.
Dowan is lightly wounded.
Your ufetubus hits Duvessa.
Your ufetubus hits Duvessa but does no damage.
Dowan closely misses you.
You strike the helpless Dowan from behind!
You puncture Dowan!
Dowan is heavily wounded.
Your ufetubus completely misses Duvessa.
Your ufetubus hits Duvessa but does no damage.
Duvessa hits your ufetubus with a +0 short sword!
Your ufetubus is killed!
Your ufetubus disappears in a puff of smoke!
Dowan seems less brilliant.
Dowan casts a spell at you. The puff of flame misses you.
You closely miss Dowan.
Dowan is heavily wounded.
Duvessa seems less confused.
Duvessa misses you.
Dowan drinks a potion.
Dowan's spells are empowered!
You hit Dowan.
Dowan is almost dead.
Dowan gestures at you while chanting. The puff of flame misses you.
Duvessa closely misses you.
You strike the helpless Dowan from behind!
You puncture Dowan!
You kill Dowan!
Duvessa screams, "No!
How DARE you!"
You have reached level 5!
Your demonic ancestry asserts itself...
Icy blue scales grow over part of your body.
You hit Duvessa but do no damage.
Duvessa is moderately wounded.
Duvessa hits you with a +0 short sword!
You die...

#≈§§# ##≈..§§ #####
#..[.§. ##.. ......
#So.∩.. + ##... ..8..#
#o...$. +.##... #....
##§...≈ #.#....##..#
.##≈≈≈# #...#.##..# ##
..##### #..#....##...##
.....####
#.#..8@...>...
###.....#
#.....e##...## #
##....#####.##..# .## #
#.....# #..##..# # #
#.....## #...##...
#####.....###....#..8.
......................
..###......_.##....##..
.##.# .†#
#........#..>..# ...#


You could see Duvessa (unable to see you).

Vanquished Creatures
  Dowan (D:4)
  3 adders
  A worm (D:3)
  2 dart slugs
  8 orcs
  4 endoplasms
  A giant cockroach (D:4)
  10 goblins
  4 hobgoblins
  7 jackals
  5 kobolds
  4 quokkas
  12 ball pythons
  6 bats
  4 frilled lizards
  4 rats
76 creatures vanquished.

Vanquished Creatures (collateral kills)
  A hobgoblin (D:1)
1 creature vanquished.

Grand Total: 77 creatures vanquished

Notes
Turn   | Place    | Note
-------+----------+-------------------------------------------
     0 | D:1      | porpoise the Demonspawn Enchanter began the quest for the
                  | Orb.
     0 | D:1      | Reached XP level 1. HP: 13/13 MP: 3/3
   111 | D:1      | Reached skill level 1 in Short Blades
   197 | D:1      | Gained mutation: A weak demonic guardian rushes to your
                  | aid. [demonic ancestry]
   197 | D:1      | Reached XP level 2. HP: 19/19 MP: 5/5
   547 | D:1      | Learned a level 2 spell: Ensorcelled Hibernation
   706 | D:2      | Reached XP level 3. HP: 23/24 MP: 6/6
   777 | D:2      | Learned a level 3 spell: Confusing Touch
  1514 | D:3      | Reached skill level 1 in Ice Magic
  1514 | D:3      | Gained mutation: Spells you cast may paralyse adjacent
                  | enemies. [demonic ancestry]
  1514 | D:3      | Reached XP level 4. HP: 30/30 MP: 7/7
  1559 | D:3      | Found an ancient bone altar of Kikubaaqudgha.
  1667 | D:3      | Found a basalt altar of Yredelemnul.
  1860 | D:3      | Found a stormy altar of Qazlal.
  1895 | D:3      | Found a hide-covered altar of Uskayaw.
  2034 | D:3      | Found a faded altar of an unknown god.
  2105 | D:3      | Reached skill level 4 in Hexes
  2292 | D:4      | Found an ornate altar of the Wu Jian Council.
  2360 | D:4      | Found Dimim's Jewellery Emporium.
  2389 | D:4      | Found a staircase to the Ecumenical Temple.
  2389 | D:4      | Noticed Duvessa
  2389 | D:4      | Noticed Dowan
  2413 | D:4      | Killed Dowan
  2414 | D:4      | Gained mutation: You are partially covered in icy blue
                  | scales. (AC +2) [demonic ancestry]
  2414 | D:4      | Reached XP level 5. HP: 8/35 MP: 9/9
  2414 | D:4      | Slain by Duvessa

Illustrated notes

Levels and vault maps discovered:
D:1:      minmay_arrival_doors, layout_rooms, feat_on_display
D:2:      layout_rooms
D:3:      wander_river, layout_rooms, mainiacjoe_overflow_alcove_2,
          mainiacjoe_overflow_paths, mainiacjoe_overflow_chevrons,
          yredelemnul_altar_generic, ebering_ecumenical_altar_sacrificial,
          minmay_misc_feat_rugged, guppyfry_early_orc_mine
D:4:      layout_rooms, overflow_temple_1_default, lemuel_doored_altar,
          minmay_temple_entry_waves, kennysheep_windowed_goal, uniq_duvessa

Skill      XL: |  1  2  3  4 |
---------------+-------------+-----
Short Blades   | 1 |  1.3
Stealth        | 3 |  3.3
Ice Magic      | 1 |  1.9
Hexes          | 4 |  4.2
Dodging        | |  1.7
Spellcasting   | |  2.9

Action                     |  1- 3 |  4- 6 || total
---------------------------+-------+-------++-------
  Melee: Dagger            |   118 |    56 ||   174
         Punch             |       |     1 ||     1
   Fire: Sling             |     5 |       ||     5
   Cast: Ensorcelled Hiber |    13 |    23 ||    36
         Confusing Touch   |       |     1 ||     1
    Use: Scroll            |     2 |     3 ||     5
         Potion            |       |     1 ||     1
   Stab: Sleeping          |    16 |    17 ||    33
         Distracted        |     1 |       ||     1
         Paralysed         |       |     5 ||     5
         Invisible         |       |     2 ||     2
 Armour: Robe              |    26 |     5 ||    31
  Dodge: Dodged            |    80 |    31 ||   111

Table legend: (Time is in decaauts)
 A = Elapsed time spent in this place.
 B = Non-inter-level travel time spent in this place.
 C = Inter-level travel time spent in this place.
 D = Time resting spent in this place.
 E = Time spent auto-exploring this place.
 F = Levels seen in this place.
 G = Mean time per level.
                   A        B        C        D        E       F      G
               +--------+--------+--------+--------+--------+-----+--------+
         Total |   2406 |   2330 |     76 |    439 |   1114 |   4 |  601.5 |
       Dungeon |   2406 |   2330 |     76 |    439 |   1114 |   4 |  601.5 |
               +--------+--------+--------+--------+--------+-----+--------+

Top non-repeatable levels by time:
     D:2: 813 daAuts
     D:3: 718 daAuts
     D:1: 600 daAuts
     D:4: 274 daAuts
